 Dungeon Crawl Stone Soup version 0.27.1-4-g1640c2035a (webtiles) character file.

Game seed: 16530297845859114577

3878 ders the Cleaver (level 10, -13/96 HPs)
             Began as a Minotaur Berserker on Nov 17, 2021.
             Was a Priest of Trog.
             Mangled by Gastronok (14 damage)
             ... on level 8 of the Dungeon.
             The game lasted 00:08:03 (9405 turns).

ders the Cleaver (Minotaur Berserker)               Turns: 9405, Time: 00:08:03

Health: -13/96     AC:  3    Str: 25    XL:     10   Next: 0%
Magic:  9/9        EV: 12    Int:  4    God:    Trog [***...]
Gold:   390        SH:  0    Dex: 10    Spells: 9/9 levels left

rFire    x . .     SeeInvis .   x - +1 war axe
rCold    + . .     Faith    .   (no shield)
rNeg     . . .     Spirit   .   b - +1 animal skin
rPois    .         Reflect  .   (helmet restricted)
rElec    .         Harm     .   (no cloak)
rCorr    +         Rampage  .   (no gloves)
Will     .....                  (no boots)
Stlth    +.........             (no amulet)
HPRegen  0.26/turn              r - ring of ice
MPRegen  0.11/turn              g - ring of resist corrosion

@: on berserk cooldown, slowed, very slow
A: horns 2, retaliatory headbutt
a: Renounce Religion, Berserk, Trog's Hand


You were on level 8 of the Dungeon.
You worshipped Trog.
Trog was most pleased with you.
You visited 2 branches of the dungeon, and saw 9 of its levels.
You also visited: Sewer.

You collected 390 gold pieces.

Inventory:

Hand Weapons
 a - a +0 hand axe
 x - a +1 war axe (weapon)
Missiles
 s - 7 javelins (quivered)
Armour
 b - a +1 animal skin (worn)
Jewellery
 g - a ring of resist corrosion (right hand)
 r - a ring of ice (left hand)
 w - a ring of ice
Wands
 k - a wand of charming (24)
 u - a wand of flame (15)
Scrolls
 c - 2 scrolls of amnesia
 e - a scroll of enchant armour
 h - a scroll of blinking
 m - a scroll of identify
 n - a scroll of immolation {unknown}
 o - 2 scrolls of teleportation
Potions
 d - 2 potions of haste
 f - a potion of curing
 i - a potion of cancellation {unknown}
 j - a potion of invisibility {unknown}
 l - a potion of heal wounds {unknown}
 p - a potion of brilliance {unknown}
 t - a potion of attraction {unknown}
 v - a potion of flight {unknown}


   Skills:
 + Level 11.6 Fighting
 + Level 11.6 Axes
 + Level 7.0 Armour
 - Level 2.1 Dodging


You had 9 spell levels left.
You didn't know any spells.
Your spell library was empty.

Dungeon Overview and Level Annotations

Branches:
Dungeon (8/15)             Temple (1/1) D:5           Sewer (visited)
   Lair: D:8-11

Altars:
Ashenzari
Cheibriados
Dithmenos
Elyvilon
Fedhas
Gozag
Hepliaklqana
Kikubaaqudgha
Makhleb
Nemelex Xobeh
Okawaru
Qazlal
Ru
Sif Muna
Trog
Uskayaw
Vehumet
Wu Jian
Xom
Yredelemnul
Zin

Shops:
D:3 :

Annotations:
D:8 Gastronok, Prince Ribbit


Innate Abilities, Weirdness & Mutations

You have a pair of horns on your head.
You reflexively headbutt those who attack you in melee.


Message History

You feel a strong urge to attack something.
Prince Ribbit lets out a mournful croak.
Gastronok looks at you and mumbles some strange words.
You feel yourself slow down.
You slash Gastronok!
Gastronok is lightly wounded.
Prince Ribbit blinks!
You slice Gastronok!!
Gastronok is moderately wounded.
You slice Gastronok!! You headbutt Gastronok!
Gastronok is heavily wounded.
Gastronok mumbles some strange words.
Gastronok puts on a burst of speed!
You slash Gastronok!
Gastronok is heavily wounded.
You slash Prince Ribbit! Prince Ribbit hits you!
You slash Gastronok! You headbutt Gastronok!
Gastronok is severely wounded.
You miss Prince Ribbit.
You are no longer berserk.
You are exhausted.
You feel as though you will be slow longer.
Prince Ribbit hits you!
Gastronok waves his eye-stalks in wide circles.
The air twists around and strikes you!!
You hit Gastronok. You headbutt Gastronok!
Gastronok is almost dead.
You miss Prince Ribbit. Prince Ribbit hits you!
* * * LOW HITPOINT WARNING * * *
Prince Ribbit completely misses you.
You hit Gastronok.
Gastronok is almost dead.
You barely miss Prince Ribbit.
Prince Ribbit blinks!
Gastronok waves his eye-stalks in wide circles.
The air twists around and strikes you!!
* * * LOW HITPOINT WARNING * * *
You slash Gastronok!
Gastronok is almost dead.
Gastronok bites you!
You die...

#.....# #........
#..♣..# #.#.#####
..♣..#####.#.#####
.#
#.♣..............#
..
#.♣........#.###.#
..#.
#....#######.#
.....##....# #.#
........#..# #.#
.#...##@#..... ..#
##. #w#...##. ...
# #.#..... ###
......### ......#
#...# #####


You could see Gastronok (swift).

Vanquished Creatures
  A komodo dragon (D:7)
  Grinder (D:4)
  A hornet (D:7)
  Sigmund (D:4)
  6 yaks (D:6)
  Menkaure (D:4)
  2 ice beasts (D:6)
  A water moccasin (D:6)
  A hornet zombie (D:6)
  A black bear (D:4)
  2 centaurs
  2 ogres (D:5)
  2 necrophages
  A kobold brigand (D:7)
  A phantom (D:4)
  2 bullfrogs
  3 scorpions
  A howler monkey (D:4)
  A bullfrog zombie (D:6)
  A hound (D:5)
  A gnoll shaman (D:6)
  An orc priest (D:3)
  Jessica (D:2)
  Terence (D:2)
  Ijyb (D:5)
  4 iguanas
  An orc wizard (D:3)
  2 killer bee zombies
  4 gnolls (D:6)
  2 river rats (D:4)
  7 adders
  A shadow imp (D:5)
  An ufetubus (D:5)
  An adder skeleton (D:4)
  2 worms (D:3)
  3 dart slugs
  9 orcs
  4 bats
  20 endoplasms
  14 giant cockroaches
  8 goblins
  4 hobgoblins
  7 jackals
  9 quokkas
  24 ball pythons
  9 frilled lizards
  6 kobolds
  9 rats
188 creatures vanquished.

Notes
Turn   | Place    | Note
-------+----------+-------------------------------------------
     0 | D:1      | ders the Minotaur Berserker began the quest for the Orb.
     0 | D:1      | Reached XP level 1. HP: 19/19 MP: 0/0
   125 | D:1      | Found a faded altar of an unknown god.
   432 | D:1      | Reached XP level 2. HP: 17/27 MP: 1/1
  1062 | D:2      | Noticed Terence
  1070 | D:2      | Killed Terence
  1071 | D:2      | Reached XP level 3. HP: 34/34 MP: 2/2
  1555 | D:2      | Reached ** piety under Trog
  1719 | D:2      | Reached XP level 4. HP: 39/41 MP: 3/3
  1745 | D:2      | Reached skill level 5 in Fighting
  1745 | D:2      | Reached skill level 5 in Axes
  2091 | D:2      | Noticed Jessica
  2109 | D:2      | Killed Jessica
  2437 | D:3      | Found Joxos's Book Boutique.
  2458 | D:3      | Found a hide-covered altar of Uskayaw.
  2651 | D:3      | Found a sacrificial altar of Ru.
  2675 | D:3      | Reached XP level 5. HP: 27/48 MP: 4/4
  3252 | D:3      | Found a shimmering altar of Xom.
  3390 | D:4      | Noticed Grinder
  3390 | D:4      | Noticed a necrophage
  3399 | D:4      | Killed a necrophage
  3400 | D:4      | Reached XP level 6. HP: 58/58 MP: 5/5
  3401 | D:4      | Killed Grinder
  3422 | D:4      | Found a glowing drain.
  3463 | Sewer    | Entered a sewer
  3541 | Sewer    | Reached XP level 7. HP: 66/66 MP: 6/6
  3584 | Sewer    | Reached *** piety under Trog
  4121 | D:4      | Found a white marble altar of Elyvilon.
  4137 | D:4      | Noticed Menkaure
  4142 | D:4      | Killed Menkaure
  4517 | D:4      | Reached XP level 8. HP: 75/75 MP: 7/7
  4594 | D:4      | Noticed Sigmund
  4885 | D:4      | Killed Sigmund
  5095 | D:5      | Entered Level 5 of the Dungeon
  5894 | D:5      | Found a glowing silver altar of Zin.
  5943 | D:5      | Found a staircase to the Ecumenical Temple.
  5955 | D:5      | Noticed Ijyb
  5963 | D:5      | Killed Ijyb
  6826 | Temple   | Entered the Ecumenical Temple
  6983 | D:6      | Found a snail-covered altar of Cheibriados.
  7112 | D:6      | Reached skill level 10 in Fighting
  7112 | D:6      | Reached skill level 10 in Axes
  7156 | D:6      | Reached XP level 9. HP: 85/85 MP: 8/8
  7163 | D:6      | Reached skill level 5 in Armour
  8229 | D:7      | Found a hazy altar of Hepliaklqana.
  8764 | D:7      | Noticed a komodo dragon
  8775 | D:7      | Killed a komodo dragon
  9387 | D:8      | Found an ornate altar of the Wu Jian Council.
  9390 | D:8      | Noticed Gastronok
  9391 | D:8      | Noticed Prince Ribbit
  9396 | D:8      | Reached XP level 10. HP: 96/96 MP: 9/9
  9404 | D:8      | HP: 1/96 [Gastronok/the air (20)]
  9405 | D:8      | Mangled by Gastronok

Illustrated notes

Levels and vault maps discovered:
D:1:      amcnicky_arrival_blooded_trapdoor, layout_rooms,
          basic_ecumenical_altar
D:2:      layout_basic, uniq_terence, uniq_jessica
D:3:      layout_rooms, general_overflow_altar,
          nicolae_uskayaw_murder_on_the_dancefloor, nicolae_ru_awakened_eye,
          serial_shops, nicolae_shop_stone, minmay_misc_feat_roman,
          hangedman_decor_lopped, hangedman_decor_push,
          small_statue_intersection
D:4:      kennysheep_big_flooded_room, layout_rooms, kennysheep_mini_moat,
          portal_sewer_entry_b, hangedman_abyss_or_decor_stagger,
          corner_web_ring, uniq_menkaure, uniq_sigmund, uniq_grinder
D:5:      layout_loops_corners, marbit_many_paths,
          minmay_temple_entry_enclosed_plants, hangedman_decor_diamond_cutter,
          minmay_misc_feat_tower, corexii_leaking_fountain,
          minmay_misc_feat_hallway, uniq_ijyb
D:6:      layout_cave_pools, cheibriados_altar_1
D:7:      layout_gridville, mainiacjoe_overflow_six_doors_small
D:8:      layout_loops_ring, mainiacjoe_overflow_boulevard, tso_metal_star,
          uniq_gastronok, uniq_maurice, uniq_prince_ribbit1
Temple:   dshaligram_water_room_temple

Skill      XL: |  1  2  3  4  5  6  7  8  9 |
---------------+----------------------------+-----
Fighting       | 4 5 6 7 8 10 11 | 11.6
Axes           | 4 5 6 7 8 10 11 | 11.6
Armour         | 3 7 |  7.0
Dodging        | |  2.1

Action                   |  1- 3 |  4- 6 |  7- 9 | 10-12 || total
-------------------------+-------+-------+-------+-------++-------
Melee: Hand axe          |    68 |   103 |   173 |       ||   344
       Headbutt          |     7 |    17 |    40 |     3 ||    67
       War axe           |       |       |    83 |     8 ||    91
Throw: Javelin           |       |       |     4 |       ||     4
Invok: Berserk           |     2 |     5 |    18 |       ||    25
       Trog's Hand       |       |     2 |     7 |       ||     9
  Use: Scroll            |       |       |    10 |       ||    10
       Potion            |       |       |     2 |       ||     2
Armor: Animal skin       |    19 |    16 |    27 |       ||    62
Dodge: Dodged            |    45 |    43 |   170 |     1 ||   259
